 Dungeon Crawl Stone Soup version 0.17.1-3-g152610e (webtiles) character file.

28742 manyhoops the Eclecticist (level 13, -5/63 HPs)
             Began as a Deep Elf Air Elementalist on Apr 7, 2016.
             Was the Champion of Sif Muna.
             Hit by a javelin thrown by Urug (30 damage)
             ... on level 13 of the Dungeon.
             The game lasted 02:26:14 (19756 turns).

manyhoops the Eclecticist (DEAE)                   Turns: 19756, Time: 02:26:14

Health: -5/63      AC: 12    Str:  2 (5)  XL:     13   Next: 11%
Magic:  2/35       EV: 15    Int: 32      God:    Sif Muna [******]
Gold:   1128       SH:  0    Dex: 15      Spells: 13 memorised, 8 levels left

rFire  . . .     SeeInvis .     K - staff of air
rCold  . . .     Clarity  .     h - +1 robe {Archmagi}
rNeg   . . .     SustAt   .     (no shield)
rPois  .         Gourm    .     b - +1 helmet {Int+3}
rElec  +         Spirit   .     e - +1 cloak
rCorr  +         Warding  .     (no gloves)
rMut   .         Rnd*Tele +     Y - +0 pair of boots
MR     +....                    N - amulet of resist corrosion
Stlth  +++++.....               r - +3 ring of protection
                                a - +3 ring of intelligence

@: lethally poisoned (-5 -> -6), very slightly contaminated, somewhat resistant
to hostile enchantments, quite stealthy
A: molten scales 1, deterioration 2, teleportitis 1, wild magic 1, evolution 2
a: Channel Energy, Forget Spell, Renounce Religion


You were on level 13 of the Dungeon.
You worshipped Sif Muna.
Sif Muna was exalted by your worship.
You were hungry.

You visited 3 branches of the dungeon, and saw 20 of its levels.

You collected 1876 gold pieces.
You spent 748 gold pieces at shops.

Inventory:

Hand Weapons
 T - the +3 battleaxe "Dofam" {drain, *Noise rElec rC+ MR+++}
   (You took it off an orc on level 11 of the Dungeon)

   A truly terrible weapon, it drains the life of those it strikes.
   It protects you from cold.
   It insulates you from electricity.
   It affects your resistance to hostile enchantments.
   It may make noises in combat.
Armour
 b - a +1 helmet of intelligence (worn)
 e - a +1 cloak (worn)
 h - a +1 robe of the Archmagi (worn)
 Y - a +0 pair of boots (worn)
Magical Staves
 K - an uncursed staff of air (weapon)
Jewellery
 a - a +3 ring of intelligence (left hand)
 r - a +3 ring of protection (right hand)
 N - an amulet of resist corrosion (around neck)
Wands
 o - a wand of fire (7)
 p - a wand of disintegration (12)
 q - a wand of flame (27)
 C - a wand of lightning (6)
 G - a wand of polymorph (16)
 H - a wand of random effects (10)
 J - a wand of flame (48)
 V - a wand of frost (17)
 W - a wand of lightning (8)
 Z - a wand of fireball (11)
Scrolls
 f - a scroll of recharging
 j - a scroll of identify
 m - 4 scrolls of remove curse
 u - a scroll of fog
 x - 2 scrolls of magic mapping
 y - 2 scrolls of random uselessness
 D - a scroll of noise
 O - a scroll of teleportation
 R - a scroll of torment
 X - 2 scrolls of fear
Potions
 d - 4 potions of curing
 g - 3 potions of agility
 n - 3 potions of might
 s - a potion of brilliance
 t - a potion of flight
 v - a potion of heal wounds
 z - 3 potions of haste
 A - a potion of berserk rage
 B - 2 potions of invisibility
 E - a potion of poison {unknown}
 F - a potion of lignification {unknown}
 P - a potion of cancellation {unknown}
 S - a potion of cure mutation {unknown}
Books
 k - Sif Muna's Compendium of Confrontation and Weightlessness
   (Sif Muna gifted it to you on level 12 of the Dungeon)

   Spells                             Type                      Level
   a - Searing Ray                    Conjuration                  2
   b - Throw Flame                    Conjuration/Fire             2
   c - Irradiate                      Conjuration/Transmutation    5
   d - Lightning Bolt                 Conjuration/Air              5
   e - Poisonous Cloud                Conjuration/Poison/Air       6
 Q - a Necronomicon

   Spells                             Type                      Level
   a - Haunt                          Necromancy/Summoning         7
   b - Borgnjor's Revivification      Necromancy                   8
   c - Death's Door                   Charms/Necromancy            8
   d - Necromutation                  Transmutation/Necromancy     8
Miscellaneous
 U - a lantern of shadows
Comestibles
 c - 2 bread rations
 i - 6 beef jerkies
 l - 4 meat rations
 w - 14 fruits
 L - a slice of pizza
 M - 8 royal jellies


   Skills:
 - Level 0.1 Fighting
 - Level 0.2 Staves
 - Level 5.4 Dodging
 * Level 13.3 Stealth
 - Level 16.5 Spellcasting
 - Level 11.2 Conjurations
 - Level 2.0 Hexes
 - Level 7.0 Air Magic
 - Level 6.9 Poison Magic
 - Level 4.2 Invocations


You had 8 spell levels left.
You knew the following spells:

 Your Spells              Type           Power        Failure   Level  Hunger
a - Shock                 Conj/Air       ####         1%          1    None
b - Swiftness             Chrm/Air       ########     3%          2    None
c - Static Discharge      Conj/Air       ########     1%          3    None
d - Repel Missiles        Chrm/Air       ######       3%          2    None
e - Lightning Bolt        Conj/Air       ########..   4%          5    None
f - Slow                  Hex            ######..     3%          2    None
g - Blink                 Tloc           N/A          7%          2    None
h - Conjure Flame         Conj/Fire      #######.     2%          3    None
i - Mephitic Cloud        Conj/Pois/Air  ########     1%          3    None
j - Call Imp              Summ           ######..     7%          2    None
k - Magic Dart            Conj           ####         1%          1    None
l - Irradiate             Conj/Trmt      #######...   13%         5    None
m - Poisonous Cloud       Conj/Pois/Air  ########..   19%         6    ##.....


Dungeon Overview and Level Annotations

Branches:
Dungeon (15/15)            Temple (1/1) D:6            Lair (0/8) D:8
    Orc (4/4) D:11            Elf (0/3) Orc:4        Depths (0/5) D:15
 Vaults: D:13-14

Altars:
Ashenzari
Cheibriados
Dithmenos
Elyvilon
Gozag
Kikubaaqudgha
Makhleb
Nemelex Xobeh
Okawaru
Qazlal
Ru
Sif Muna
Trog
Vehumet
Xom
Yredelemnul
Zin
The Shining One

Shops:
D:8 !   D:9 !   D:10 }[   D:12 [   Orc:2 *   Orc:4 =?[}

Annotations:
D:3 Heskey's ghost, amateur MiHu
D:10 Shenda's ghost, novice CeWn
D:13 Urug


Innate Abilities, Weirdness & Mutations

You are partially covered in molten scales (AC +1).
Your body often deteriorates upon taking damage.
You are occasionally teleported next to monsters.
Your spells are a little harder to cast, but a little more powerful.
You rapidly evolve.


Message History

Aiming: Shock
Press: ? - help, Shift-Dir - straight line, f - eight-headed hydra
Aim: an eight-headed hydra
Okay, then.
Okay, then.
Casting: Shock
Confirm with . or Enter, or press ? or * to list all spells.
Aiming: Shock
Press: ? - help, Shift-Dir - straight line, f - eight-headed hydra
Aim: an eight-headed hydra You feel a strong surge of power!
The zap hits the eight-headed hydra.
The eight-headed hydra is lightly wounded.
The zap hits the kobold demonologist.
The kobold demonologist is lightly wounded.
You feel sick.
The eight-headed hydra is engulfed in roaring flames.
You climb upwards.
Urug and a skeleton come into view.
Urug throws a javelin.
The javelin hits you!!
You die...

########### .........
#......# #o.....# .
..##......#....
....Z..@..[....
#############.....#####
#...........#.###.#
##...........#. .#
..........[..# #
##.#######...#
#.#######...##
#.#....##....#
#.#...[##....#


You could see Urug and a centaur skeleton.

Vanquished Creatures
  Maud (Orc:2)
  Erolcha (D:9)
  2 centaur warriors
  The ghost of Qrupt the Fighter, a novice OpWz (D:8)
  An orc high priest (Orc:4)
  The ghost of Urist the Destroyer, a novice DrCj of Dithmenos (Orc:1)
  4 hill giants
  6 orc sorcerers
  An ugly thing (D:12)
  3 cyclopes
  A wolf spider (D:15)
  An elephant (D:8)
  Maurice (Orc:1)
  2 guardian serpents (D:14)
  Psyche (D:12)
  2 gargoyles
  A centaur skeleton (D:12)
  A komodo dragon (D:10)
  3 yaktaurs (D:13)
  A troll (D:11)
  Prince Ribbit (D:7)
  4 deep elf magi
  Sigmund (D:4)
  A wraith (D:12)
  A shadow (D:11)
  10 yaks
  Eustachio (D:6)
  A basilisk (D:11)
  A vampire (D:13)
  3 wargs
  3 vampire mosquitoes (D:15)
  A mottled dragon (D:13)
  3 hippogriffs
  3 soldier ants (D:11)
  A water moccasin (D:9)
  21 orc warriors
  2 phantoms
  A necrophage (D:5)
  3 ice beasts
  7 ogres
  4 crocodiles
  10 centaurs
  A big kobold (D:8)
  A brain worm (D:11)
  A gnoll sergeant (D:9)
  A wyvern zombie (D:10)
  7 giant frogs
  A water moccasin skeleton (D:7)
  2 scorpions
  A quasit (D:7)
  5 crimson imps
  13 wights
  4 iguanas
  2 jellies
  35 orc priests
  38 orc wizards
  5 hounds
  2 giant frog skeletons
  Jessica (D:2)
  Terence (D:2)
  6 worker ants
  A killer bee zombie (D:11)
  A worker ant zombie (D:5)
  16 adders
  4 gnolls (D:9)
  A shadow imp (D:15)
  2 adder zombies (D:2)
  A worm (D:3)
  10 giant geckos
  177 orcs
  2 ball pythons
  4 bats
  7 giant cockroaches
  5 goblins
  8 hobgoblins
  15 jackals
  2 quokkas
  2 giant cockroach zombies
  2 giant gecko zombies
  6 giant newts
  12 kobolds
  A quokka zombie (D:5)
  6 rats
530 creatures vanquished.

Vanquished Creatures (collateral kills)
  An orc warrior (D:11)
  A big kobold (D:11)
  3 orcs (D:11)
  2 kobolds (D:11)
7 creatures vanquished.

Vanquished Creatures (others)
  A giant frog (D:13)
  2 orcs
3 creatures vanquished.

Grand Total: 540 creatures vanquished

Notes
Turn   | Place    | Note
--------------------------------------------------------------
     0 | D:1      | manyhoops the Deep Elf Air Elementalist began the quest for the Orb.
     0 | D:1      | Reached XP level 1. HP: 10/10 MP: 6/6
   166 | D:1      | Reached XP level 2. HP: 10/15 MP: 0/8
   205 | D:1      | Reached skill level 4 in Spellcasting
   700 | D:2      | Found a faded altar to an unknown god.
   847 | D:2      | Reached XP level 3. HP: 19/19 MP: 9/11
   995 | D:2      | Learned a level 2 spell: Swiftness
   999 | D:2      | Learned a level 3 spell: Static Discharge
  1002 | D:2      | Learned a level 2 spell: Repel Missiles
  1012 | D:2      | Noticed Terence
  1074 | D:2      | Killed Terence
  1074 | D:2      | Reached skill level 5 in Spellcasting
  1321 | D:2      | Noticed Jessica
  1324 | D:2      | Killed Jessica
  1324 | D:2      | Reached XP level 4. HP: 24/24 MP: 8/13
  1989 | D:3      | Noticed Heskey's ghost (amateur MiHu)
  2341 | D:3      | Reached skill level 6 in Spellcasting
  2378 | D:3      | Reached XP level 5. HP: 26/28 MP: 1/15
  2758 | D:4      | Noticed an ogre
  2801 | D:4      | Killed an ogre
  2873 | D:4      | Reached skill level 7 in Spellcasting
  2873 | D:4      | Reached XP level 6. HP: 32/32 MP: 12/18
  2882 | D:4      | Learned a level 5 spell: Lightning Bolt
  3099 | D:4      | Noticed Sigmund
  3519 | D:5      | Entered Level 5 of the Dungeon
  3853 | D:5      | Reached XP level 7. HP: 36/36 MP: 12/19
  3985 | D:5      | Reached skill level 5 in Air Magic
  4678 | D:4      | Killed Sigmund
  4678 | D:4      | Reached skill level 5 in Conjurations
  4875 | D:6      | Learned a level 2 spell: Slow
  4878 | D:6      | Learned a level 2 spell: Blink
  4882 | D:6      | Learned a level 3 spell: Conjure Flame
  4892 | D:6      | Reached XP level 8. HP: 41/41 MP: 6/20
  5212 | D:6      | Found a staircase to the Ecumenical Temple.
  5224 | D:6      | Reached skill level 8 in Spellcasting
  5240 | Temple   | Entered the Ecumenical Temple
  5288 | Temple   | Became a worshipper of Sif Muna the Loreminder
  5371 | D:6      | Reached skill level 1 in Invocations
  5520 | D:6      | Noticed Eustachio
  5809 | D:6      | Reached skill level 9 in Spellcasting
  5945 | D:6      | Killed Eustachio
  6188 | D:7      | Noticed Prince Ribbit
  6349 | D:7      | Found a glowing silver altar of Zin.
  6404 | D:7      | Reached XP level 9. HP: 45/45 MP: 15/24
  6555 | D:7      | Killed Prince Ribbit
  6555 | D:7      | Reached * piety under Sif Muna
  7231 | D:7      | Found a stormy altar of Qazlal.
  7336 | D:8      | Noticed Qrupt's ghost (novice OpWz)
  7522 | D:8      | Reached ** piety under Sif Muna
  7534 | D:8      | Reached skill level 10 in Spellcasting
  7847 | D:8      | Noticed an elephant
  7867 | D:8      | Killed an elephant
  7867 | D:8      | Reached skill level 11 in Spellcasting
  7867 | D:8      | Reached skill level 1 in Hexes
  8048 | D:8      | Found Dunysh's Distillery.
  8057 | D:8      | Bought a potion of curing for 36 gold pieces
  8057 | D:8      | Bought a potion of invisibility for 96 gold pieces
  8164 | D:8      | Found a staircase to the Lair.
  8524 | D:8      | Reached skill level 12 in Spellcasting
  8524 | D:8      | Reached XP level 10. HP: 25/50 MP: 10/28
  8786 | D:9      | Noticed Erolcha
  8811 | D:8      | Killed Qrupt's ghost
  8811 | D:8      | Reached *** piety under Sif Muna
  8942 | D:8      | Learned a level 3 spell: Mephitic Cloud
  8946 | D:8      | Learned a level 2 spell: Call Imp
  8948 | D:8      | Learned a level 1 spell: Magic Dart
  8965 | D:9      | Killed Erolcha
  8965 | D:9      | Reached skill level 13 in Spellcasting
  9117 | D:9      | Found Nifeiro's Distillery.
  9134 | D:9      | Bought a potion of curing for 36 gold pieces
 10169 | D:10     | Entered Level 10 of the Dungeon
 10211 | D:10     | Found Jititirch's Armour Emporium.
 10258 | D:10     | Found Nefits's Gadget Shop.
 10300 | D:10     | Noticed Shenda's ghost (novice CeWn)
 10593 | D:10     | Reached skill level 5 in Stealth
 11178 | D:11     | Found a staircase to the Orcish Mines.
 11202 | D:11     | Reached XP level 11. HP: 52/54 MP: 1/30
 11647 | D:11     | Reached skill level 5 in Dodging
 11652 | D:11     | Got a fine battleaxe {drain}
 11653 | D:11     | Identified the +3 battleaxe "Dofam" {drain, *Noise rElec rC+ MR+++} (You took it off an orc on level 11 of the Dungeon)
 11728 | D:11     | Got a smoking war axe {drain}
 11730 | D:11     | Identified the +9 war axe of Dawn {drain, rElec rF+ SInv} (You took it off an orc on level 11 of the Dungeon)
 12041 | D:11     | Gained mutation: You are occasionally teleported next to monsters. [potion of mutation]
 12041 | D:11     | Gained mutation: Your spells are a little harder to cast, but a little more powerful. [potion of mutation]
 12041 | D:11     | Gained mutation: You are partially covered in molten scales (AC +1). [potion of mutation]
 12042 | D:11     | Gained mutation: Your body sometimes deteriorates upon taking damage. [potion of mutation]
 12042 | D:11     | Gained mutation: You evolve. [potion of mutation]
 12100 | D:11     | Gained mutation: You rapidly evolve. [evolution]
 12295 | D:11     | Noticed a hill giant
 12299 | D:11     | Killed a hill giant
 12424 | D:11     | Reached skill level 10 in Stealth
 12862 | Orc:1    | Entered Level 1 of the Orcish Mines
 12901 | Orc:1    | Noticed Maurice
 12901 | Orc:1    | Noticed Urist's ghost (novice DrCj)
 13147 | Orc:1    | Killed Maurice
 13478 | Orc:1    | Found a dark tunnel.
 13764 | Orc:2    | Noticed Maud
 13771 | Orc:2    | Killed Maud
 13771 | Orc:2    | Reached **** piety under Sif Muna
 13771 | Orc:2    | Reached skill level 10 in Conjurations
 13780 | Orc:2    | Lost mutation: Your body sometimes deteriorates upon taking damage. [evolution]
 14257 | Orc:2    | Found Veno's General Store.
 14262 | Orc:2    | Found a burning altar of Makhleb.
 14941 | Orc:4    | Entered Level 4 of the Orcish Mines
 15083 | Orc:4    | Reached ***** piety under Sif Muna
 15250 | Orc:4    | Reached skill level 14 in Spellcasting
 15567 | Orc:3    | Reached XP level 12. HP: 53/59 MP: 1/32
 15997 | Orc:4    | Noticed an orc high priest
 15999 | Orc:4    | Killed an orc high priest
 15999 | Orc:4    | Reached skill level 15 in Spellcasting
 16547 | Orc:4    | Found a staircase to the Elven Halls.
 16567 | Orc:4    | Gained mutation: Your body sometimes deteriorates upon taking damage. [evolution]
 16883 | Orc:4    | Found Faif's Jewellery Emporium.
 16883 | Orc:4    | Found Caeq's Magic Scroll Emporium.
 16884 | Orc:4    | Found Acioc's Gadget Shoppe.
 16889 | Orc:4    | Found Cupoas's Armour Shoppe.
 16897 | Orc:4    | Bought a +1 helmet of intelligence for 247 gold pieces
 16912 | Orc:4    | Bought a scroll of identify for 28 gold pieces
 16912 | Orc:4    | Bought a scroll of identify for 28 gold pieces
 16912 | Orc:4    | Bought a scroll of teleportation for 42 gold pieces
 16916 | Orc:4    | Bought a +3 ring of intelligence for 235 gold pieces
 17098 | Orc:1    | Killed Urist's ghost
 17594 | D:12     | Noticed Psyche
 17598 | D:12     | Killed Psyche
 17610 | D:12     | Reached skill level 16 in Spellcasting
 17715 | D:12     | Reached ****** piety under Sif Muna
 17985 | D:12     | Received a gift from Sif Muna
 17988 | D:12     | Identified Sif Muna's Compendium of Confrontation and Weightlessness (Sif Muna gifted it to you on level 12 of the Dungeon)
 17996 | D:12     | Learned a level 5 spell: Irradiate
 18003 | D:12     | Learned a level 6 spell: Poisonous Cloud
 18037 | D:12     | Reached skill level 1 in Poison Magic
 18246 | D:12     | Found Nudwoomnah's Armour Emporium.
 19005 | D:13     | Gained mutation: Your body often deteriorates upon taking damage. [evolution]
 19024 | D:13     | Reached skill level 5 in Poison Magic
 19029 | D:13     | Noticed a centaur warrior
 19322 | D:13     | Killed a centaur warrior
 19345 | D:13     | You fall through a shaft for 2 floors!
 19345 | D:15     | Entered Level 15 of the Dungeon
 19510 | D:15     | Reached XP level 13. HP: 63/63 MP: 24/35
 19542 | D:15     | Noticed a centaur warrior
 19544 | D:15     | Killed a centaur warrior
 19756 | D:13     | Noticed Urug
 19756 | D:13     | Hit by a javelin thrown by Urug

Action                   |  1- 3 |  4- 6 |  7- 9 | 10-12 | 13-15 || total
-------------------------+-------+-------+-------+-------+-------++-------
Melee: Short sword       |     3 |       |       |       |       ||     3
       Flail             |       |       |     3 |       |       ||     3
       Rapier            |       |       |    26 |    15 |       ||    41
       Staff             |       |       |       |   136 |       ||   136
 Cast: Shock             |    57 |   123 |   226 |   330 |     1 ||   737
       Static Discharge  |     4 |    10 |    39 |    82 |     1 ||   136
       Swiftness         |       |     3 |     1 |     6 |       ||    10
       Lightning Bolt    |       |       |    38 |   207 |    11 ||   256
       Conjure Flame     |       |       |     5 |    10 |     1 ||    16
       Slow              |       |       |     1 |     7 |       ||     8
       Call Imp          |       |       |       |     4 |       ||     4
       Blink             |       |       |       |     3 |       ||     3
       Repel Missiles    |       |       |       |     1 |       ||     1
       Mephitic Cloud    |       |       |       |     4 |       ||     4
       Irradiate         |       |       |       |     1 |     1 ||     2
Invok: Channel Energy    |       |       |       |    44 |     3 ||    47
Evoke: Wand              |       |       |     1 |     1 |       ||     2
  Use: Scroll            |     2 |     2 |    11 |    25 |       ||    40
       Potion            |       |       |       |    17 |       ||    17
  Eat: Chunk             |     1 |     8 |     5 |    24 |       ||    38
       Bread ration      |       |       |     2 |     4 |       ||     6
       Meat ration       |       |       |     2 |       |       ||     2
       Beef jerky        |       |       |       |     1 |       ||     1
       Royal jelly       |       |       |       |     3 |       ||     3
